woodfighter, chaotic female orcish Cavewoman -- --- ----.| ------ ---- ----- ----.| ---.|.. ---....| |..--- |...| --....| |....- ----- ---....-.--- --....| |...---....-- |...-- --...--- ----..........| ---|.....--- --.........|---- --..---|......| |..........[..--- --.--.......| ---.......--..-- --..%||......| |..........%....| |.......|...-- ---............| --..-|...|..| --......----.....------ |.....----...| |...(.....D<).-| --..|.--|--- --......-- ----.......---....------..----.......).--...| |..|...| --......-- ----.-.....)..|....................-----.-- |......| ---......-- |.....|.|..|.----..........)...-| |..-- --......| --.......-- --...-----...| --.--...--.|....-- --...| |......-- |.......-- --..| --..----- -----..|-----...---....| |......--- |.......-- ---- |....|..-- --..---- --.....|.--- |........| --.......--- ---........| |......| ----.---- --.....%>----[........-- |..........| |......--- --- |...)..).........^....| --.........-- ---......-- --..----------........| |.....--...| |.......| ---- --.|.|..-- --..-------- ---.--.-- -------- ---- ------ woodfighter the Cave Woman Experience level: 10 Strength: 18/10 Dexterity: 14 Constitution: 18 Intelligence: 8 Wisdom: 11 Charisma: 7 Health: 0(83) Energy: 28(28) Def: 15 Gold: 0 Moves: 12083 Dungeon seed: wh5_KGhjt0IXBVHv Game ID: woodfighter_1475965125 Your Inventory: Amulets k - an uncursed amulet of reflection (being worn) Weapons a - a +0 dwarvish spear named main (weapon in hand) b - 5 +0 dwarvish spears (in quiver) Armor c - a blessed +3 small shield (being worn) e - a blessed greased +0 gray dragon scale mail (being worn) r - an uncursed +0 orcish helm (being worn) C - an uncursed +0 Hawaiian shirt (being worn) O - a blessed +2 dwarvish cloak (being worn) Y - an uncursed +0 pair of speed boots (being worn) Comestibles i - 2 uncursed fortune cookies j - an uncursed lichen corpse w - 5 uncursed food rations x - 2 uncursed sprigs of wolfsbane E - an uncursed apple I - an uncursed pancake U - an uncursed cram ration Z - an uncursed lizard corpse Rings d - an uncursed ring of invisibility (on left hand) Wands p - a wand of digging (0:4) t - a wand of magic missile (0:5) B - a wand of fire (0:6) Q - a wand of sleep (0:3) Tools q - a +0 unicorn horn s - an uncursed bag of holding v - an uncursed towel y - an uncursed skeleton key Gems L - an uncursed luckstone Contents of the bag of holding: an uncursed lizard corpse a [uncursed] potion of invisibility a blessed oil lamp (0:1082) an uncursed [+0] pick-axe an uncursed [+0] unicorn horn Spells and supernatural/magical abilities: Name Level Category Fail Memory W - pray for help -- divine ? -- Your skills at the end: Miscellaneous Skills bare handed combat [Basic] stealth [Skilled] Weapon Skills scimitar [Basic] club [Skilled] spear [Skilled] sling [Basic] Spellcasting Skills Final Attributes: You were piously aligned. You were cold resistant. You were poison resistant. You were magic-protected. Your writing hand was cramped from overuse. You were telepathic. You had infravision. You were invisible. You were very stealthy. You were very fast. You had reflection. You were lucky. You had extra luck. Bad luck did not time out for you. Good luck did not time out for you. You are dead. Vanquished creatures: a vampire 3 giant mimics a large mimic 3 small mimics a warhorse a large dog an elf mummy a human mummy a python 2 giant beetles 4 wolves a winter wolf cub a panther 2 lizards 3 giant spiders a horse 2 vampire bats 3 gnome kings an orc mummy a dwarf mummy 2 owlbears 3 yetis 4 chickatrices 4 dogs 2 jaguars 6 dwarf lords a blue jelly a water nymph 2 white unicorns 2 gray unicorns 3 dust vortices a raven 2 plains centaurs a snake 2 apes a soldier ant a baby crocodile 5 wood nymphs 2 Uruk-hai a rock piercer 2 ponies a fog cloud 2 shriekers 2 violet fungi 13 gnome lords 4 gnomish wizards 3 kobold mummies a guardian naga hatchling a gray ooze 2 elf zombies a straw golem 2 paper golems 3 giant ants a puppy 3 floating eyes 2 kittens 21 dwarves 2 kobold shamans 2 iguanas 4 hill orcs 6 rothes a rabid rat a jitterbug a giant bat 7 monkeys 4 coyotes 2 gas spores 8 hobbits 4 acid blobs 3 large kobolds 7 geckos a hobgoblin 5 giant rats 4 cave spiders 5 brown molds 3 yellow molds 2 green molds 2 red molds 67 gnomes 6 manes 2 jackals 4 foxes 7 kobolds 11 newts 4 goblins 13 sewer rats a grid bug 3 bats 9 lichens 3 kobold zombies 348 creatures vanquished. Voluntary challenges: You did not cause conflict. You did not have reflection until turn 11332. You were not displaced. You had been an atheist until turn 2827. You used a wielded weapon 601 times, starting on turn 11. You did not use plumbed fixtures. You did not drink any magical draughts. You read items or engraved 9 times, starting on turn 3158. You never genocided any monsters. You never polymorphed an object. You never changed form. You completed Sokoban on turn 11250, according to the rules. You used 1 wish, starting on turn 3333. You did not wish for any artifacts. You split 1 pudding, starting on turn 11450. You never wrote Elbereth's name. You never violated your personal moral code. Dungeon overview: The Dungeons of Doom: levels 1 to 8 Level 1 a long staircase Level 2 stairs to The Gnomish Mines Level 3 a general store Level 4 some fountains Level 5 (water) Level 6 many fountains Level 7 (vault) an armor shop stairs to Sokoban Level 8 The Gnomish Mines: levels 3 to 11 Level 3 stairs to The Dungeons of Doom Level 4 Level 5 Level 6 some shops, a temple to Anshar, a magic chest, some fountains, a sink Level 7 Level 8 Level 9 Level 10 (ancient white dragon) <- You were here Level 11 Sokoban: levels 3 to 6 Level 3 a magic chest Level 4 a sink Level 5 Level 6 a magic chest stairs to The Dungeons of Doom History has recorded: On T:1 you entered the Dungeons of Doom to retrieve the Amulet of Yendor! On T:111 you reached level 2 of The Dungeons of Doom. On T:264 you advanced to experience level 2. On T:492 you reached level 1 of The Gnomish Mines. On T:675 you advanced to experience level 3. On T:762 you reached level 3 of The Dungeons of Doom. On T:856 you advanced to experience level 4. On T:964 you advanced to experience level 5. On T:1068 you reached level 2 of The Gnomish Mines. On T:1853 you advanced to experience level 6. On T:2231 you reached level 3 of The Gnomish Mines. On T:2622 you reached level 4 of The Gnomish Mines. On T:2797 you advanced to experience level 7. On T:2820 you entered the Minetown temple On T:2892 you opened a magic chest. On T:2924 you prayed to Anshar. On T:3032 you reached level 5 of The Gnomish Mines. On T:3333 you wished for "+3 blessed greased fixed grey dragon scale mail". On T:4325 you advanced to experience level 8. On T:4450 you reached level 6 of The Gnomish Mines. On T:5142 you reached level 7 of The Gnomish Mines. On T:6018 you reached level 8 of The Gnomish Mines. On T:6040 you advanced to experience level 9. On T:6476 you reached level 9 of The Gnomish Mines. On T:6476 you reached the bottom of the Mines. On T:6482 you prayed to Anshar. On T:7195 you reached level 4 of The Dungeons of Doom. On T:7802 you reached level 5 of The Dungeons of Doom. On T:7982 you reached level 6 of The Dungeons of Doom. On T:8240 you reached level 7 of The Dungeons of Doom. On T:8622 you reached level 8 of The Dungeons of Doom. On T:8975 you reached level 4 of Sokoban. On T:9354 you reached level 3 of Sokoban. On T:9986 you reached level 2 of Sokoban. On T:10393 you reached level 1 of Sokoban. On T:11250 you advanced to experience level 10. On T:11250 you entered the Sokoban zoo. Score breakdown: Gold: 0 ( 0 points) Experience: 10 levels ( 900 points) Exploration: 11 levels ( 300 points) Discoveries: 28 items ( 1400 points) Variety of kills: 90 monsters ( 2000 points) Major goal: Sokoban/Mines ( 1500 points) Survival: died (score multiplied by 3) Total score: 18300 Latest messages: You kill the gnome! (2x) u - a bubbly potion. There are a few more objects here. You are carrying too much to get through. You put a bubbly potion into the bag called holding. Where do you want to travel to? You named this level: ancient white dragon. The ancient white dragon picks up a yellow gem. You jab the ancient white dragon. The ancient white dragon bites! You're covered in frost, but it doesn't seem cold! The ancient white dragon claws you! (2x) You jab the ancient white dragon! The ancient white dragon bites! You're covered in frost, but it doesn't seem cold! The ancient white dragon claws you! (2x) You jab the ancient white dragon! (2x) The ancient white dragon bites! The ancient white dragon claws you! (2x) The ancient white dragon bites! The ancient white dragon claws you! (2x) You die... Final status: Goodbye woodfighter the Cavewoman, killed by an ancient white dragon... You died in The Gnomish Mines on dungeon level 10 with 18300 points, and 0 pieces of gold, after 12083 moves. You were level 10 with a maximum of 83 hit points when you died.